 Dungeon Crawl Stone Soup version 0.26-a0-1132-ge9770dfcb6 (webtiles) character file.

Game seed: 12104869613069911702

9315 Dracia the Grappler (level 11, 0/109 HPs)
             Began as a Troll Hunter on Dec 19, 2020.
             Was a Priest of Fedhas.
             Engulfed by a cloud of freezing vapour (14 damage)
             ... in an ice cave.
             The game lasted 00:17:10 (8173 turns).

Dracia the Grappler (Troll Hunter)                  Turns: 8173, Time: 00:17:11

Health: 0/109      AC: 14    Str: 22    XL:     11   Next: 21%
Magic:  13/13      EV: 12    Int: 13    God:    Fedhas [***...]
Gold:   712        SH:  5    Dex: 13    Spells: 10/10 levels left

rFire    . . .     SeeInvis .     - Unarmed
rCold    . . .     Faith    .   (no shield)
rNeg     . . .     Spirit   .   z - +0 swamp dragon scales
rPois    +         Reflect  +   (helmet restricted)
rElec    .         Harm     .   A - +2 cloak
rCorr    .         Rampage  .   (gloves unavailable)
Will     .....                  (boots unavailable)
Stlth    +.........             t - amulet of reflection
HPRegen  0.68/turn              I - +6 ring of intelligence
MPRegen  0.13/turn              (no ring)

@: no status effects
A: large, unfitting armour, claws 3, regeneration 1, shaggy fur 1, tough skin 3
a: Renounce Religion, Wall of Briars, Grow Ballistomycete


You were in an ice cave.
You worshipped Fedhas.
Fedhas was most pleased with you.
You visited 3 branches of the dungeon, and saw 11 of its levels.
You also visited: Sewer and Ice Cave.

You collected 712 gold pieces.


Innate Abilities, Weirdness & Mutations

You are too large for most types of armour.
You have claws for hands.
Your natural rate of healing is unusually fast.
You are covered in fur. (AC +1)
You have extremely tough skin. (AC +3)


   Skills:
 + Level 7.1 Fighting
 - Level 3.6 Throwing
 + Level 7.4 Dodging
 - Level 0.3 Stealth
 * Level 11.7 Unarmed Combat
 + Level 4.2 Invocations


You had 10 spell levels left.
You didn't know any spells.
Your spell library contained the following spells:

 Spells                   Type           Power        Failure   Level
 Magic Dart               Conj           0%           45%         1
 Shock                    Conj/Air       0%           45%         1
 Blink                    Tloc           N/A          58%         2
 Call Imp                 Summ           0%           58%         2
 Slow                     Hex            0%           58%         2
 Swiftness                Air            0%           58%         2
 Confusing Touch          Hex            0%           83%         3
 Conjure Flame            Conj/Fire      0%           83%         3
 Gell's Gravitas          Tloc           0%           83%         3
 Mephitic Cloud           Conj/Pois/Air  0%           83%         3
 Static Discharge         Conj/Air       0%           83%         3
 Airstrike                Air            0%           99%         4
 Petrify                  Tmut/Erth      0%           99%         4
 Lightning Bolt           Conj/Air       0%           100%        5
 Metabolic Englaciation   Hex/Ice        0%           100%        5
 Yara's Violent Unravell  Hex/Tmut       0%           100%        5

Inventory:

Hand Weapons
 u - the +8 spear of Destruction {protect, rF+ rC- rN+ Dex+4}
   (You found it on level 4 of the Dungeon)

   It grants its wielder temporary protection when it strikes (+7 to AC).
   It affects your dexterity (+4).
   It protects you from fire.
   It makes you vulnerable to cold.
   It protects you from negative energy.
 y - the +6 war axe of Integrity {vorpal, +Fly}
   (You found it on level 5 of the Dungeon)

   It inflicts extra damage upon your enemies.
   It lets you fly.
Missiles
 c - 11 large rocks (quivered) {=f=f}
 d - 3 throwing nets {=f=f}
Armour
 b - a +0 robe
 h - a +0 cloak
 p - a +0 robe of fire resistance
 z - +0 swamp dragon scales (worn)
 A - a +2 cloak (worn)
Jewellery
 t - an amulet of reflection (around neck)
 G - an uncursed amulet of guardian spirit
 I - a +6 ring of intelligence (left claw)
 T - an uncursed amulet of faith {!P!P}
Wands
 n - a wand of random effects (16)
 w - a wand of flame (12)
 B - a wand of enslavement (9)
Scrolls
 a - 6 scrolls of identify {@r1@r1}
 f - a scroll of magic mapping
 j - a scroll of enchant weapon
 l - 5 scrolls of remove curse {@r2@r2}
 q - 2 scrolls of teleportation {@r4@r4}
 v - 2 scrolls of fear
 D - a scroll of blinking
 E - 3 scrolls of amnesia
 H - a scroll of holy word
Potions
 e - a potion of might
 g - 3 potions of curing {@q1@q1}
 i - 5 potions of flight
 k - a potion of heal wounds {unknown}
 m - a potion of resistance
 o - a potion of brilliance
 r - a potion of cancellation
 s - a potion of magic
 x - 2 potions of lignification
 C - a potion of invisibility

Dungeon Overview and Level Annotations

Branches:
Dungeon (9/15)             Temple (1/1) D:5            Lair (1/6) D:9
    Orc (0/2) D:9           Sewer (visited)           IceCv (1/1)

Altars:
Ashenzari
Dithmenos
Elyvilon
Fedhas
Gozag
Hepliaklqana
Kikubaaqudgha
Makhleb
Nemelex Xobeh
Ru
Sif Muna
Trog
Wu Jian
Xom
Yredelemnul

Shops:
D:9 ([

Annotations:
D:8 2 transporters, MoonlitKnight's ghost, novice MfGl
D:9 2 transporters

#.. #..# §○§
....##..#
§§§§
....#..##
§.○##)..##..#
#.☼# #.§##
#°°# #§§#
#§§§###☼##
#○4#☼§##
#§@§§# ##§§##
####


You could see an ice devil.


Message History

An ice devil comes into view.
An ice devil is nearby!
No reachable target in view!
Unknown command.
You are engulfed in freezing vapours.
You are engulfed in freezing vapours.
You are engulfed in freezing vapours.
You closely miss the ice devil.
You are engulfed in freezing vapours.
You scratch the ice devil.
The ice devil is lightly wounded.
You are engulfed in freezing vapours.
The ice devil hits you! The ice devil freezes you!!
* * * LOW HITPOINT WARNING * * *
You mangle the ice devil!! You claw the ice devil!
The ice devil is severely wounded.
You are engulfed in freezing vapours.
* * * LOW HITPOINT WARNING * * *
The ice devil closely misses you.
Unknown command.
Okay, then.
You scratch the ice devil but do no damage.
The ice devil is severely wounded.
You are engulfed in freezing vapours.
* * * LOW HITPOINT WARNING * * *
You block the ice devil's attack.
You scratch the ice devil but do no damage.
The ice devil is severely wounded.
You are engulfed in freezing vapours.
You die...
Fedhas appreciates your contribution to the ecosystem.

Skill      XL: |  1  2  3  4  5  6  7  8  9 10 11 |
---------------+----------------------------------+-----
Unarmed Combat | 1 2 3 4 5 6 8 10 11 | 11.7
Dodging        | 2 3 4 5 6 7 |  7.4
Fighting       | 2 3 4 5 6 7 |  7.1
Invocations    | 1 3 4 |  4.2
Throwing       | |  3.6
Stealth        | |  0.3

Action                   |  1- 3 |  4- 6 |  7- 9 | 10-12 || total
-------------------------+-------+-------+-------+-------++-------
Melee: Unarmed           |    82 |   224 |   297 |   192 ||   795
       Punch             |       |     2 |    13 |     8 ||    23
Throw: Large rock        |       |       |     4 |       ||     4
Invok: Wall of Briars    |       |       |       |     2 ||     2
Evoke: Wand              |       |       |       |    14 ||    14
  Use: Scroll            |       |     5 |    13 |     4 ||    22
       Potion            |       |       |     1 |     1 ||     2
 Stab: Sleeping          |       |     1 |       |       ||     1
Armor: Robe              |    27 |    81 |    26 |       ||   134
       Swamp dragon scal |       |       |    47 |    95 ||   142
Dodge: Dodged            |    38 |   145 |   129 |   125 ||   437
Block: Other             |       |       |    42 |    60 ||   102
       Reflection        |       |       |     2 |       ||     2

Levels and vault maps discovered:
D:1:      ldierk_walled_garden, layout_rooms
D:2:      layout_basic, uniq_sigmund, uniq_natasha
D:3:      layout_loops_ring, nicolae_overflow_crystal_walls,
          ebering_ghost_rock_garden, uniq_jessica
D:4:      layout_gridville, gup_sewer_entry_bowl
D:5:      layout_basic, temple_statues, serial_corexii_hall,
          corexii_hall_statues_x, chequers_hall_statues_corner_a,
          chequers_hall_statues_y, chequers_hall_statues_y, uniq_menkaure,
          uniq_grinder, uniq_pikel
D:6:      layout_gridville, uniq_maggie
D:7:      layout_loops_ring, uniq_duvessa
D:8:      layout_loops_ring, gammafunk_ghost_hive
D:9:      gammafunk_wand_slinger, layout_basic, lemuel_doored_altar,
          david_lair_generic, orc_david_3, grunt_decor_resistance, st_stairs_5
Temple:   regret_index_temple_chain_breaker
Lair:1:   layout_regular_city, portal_ice_cave_rime
IceCv:    ice_cave_small_demon

Notes
Turn   | Place    | Note
-------+----------+-------------------------------------------
     0 | D:1      | Dracia the Troll Hunter began the quest for the Orb.
     0 | D:1      | Reached XP level 1. HP: 19/19 MP: 0/0
   106 | D:1      | Reached skill level 1 in Unarmed Combat
   106 | D:1      | Reached XP level 2. HP: 22/27 MP: 1/1
   123 | D:1      | Reached skill level 2 in Dodging
   528 | D:2      | Reached XP level 3. HP: 33/33 MP: 2/2
   569 | D:2      | Reached skill level 2 in Unarmed Combat
   701 | D:2      | Noticed Natasha
   708 | D:2      | Killed Natasha
   709 | D:2      | Reached XP level 4. HP: 34/42 MP: 3/3
   914 | D:2      | Noticed Sigmund
   923 | D:2      | Killed Sigmund
   924 | D:2      | Reached skill level 2 in Fighting
   924 | D:2      | Reached skill level 3 in Dodging
   924 | D:2      | Reached skill level 3 in Unarmed Combat
   924 | D:2      | Reached XP level 5. HP: 37/50 MP: 4/4
  1292 | D:2      | Noticed Natasha
  1301 | D:2      | Killed Natasha
  1302 | D:2      | Reached skill level 4 in Unarmed Combat
  1302 | D:2      | Reached XP level 6. HP: 57/59 MP: 5/5
  1406 | D:3      | Found a white marble altar of Elyvilon.
  1706 | D:3      | Noticed Jessica
  1722 | D:3      | Killed Jessica
  1797 | D:3      | You fall into a shaft and drop 2 floors!
  1797 | D:5      | Entered Level 5 of the Dungeon
  1799 | D:5      | Found a staircase to the Ecumenical Temple.
  1921 | D:4      | Found a glowing drain.
  1926 | Sewer    | Entered a sewer
  2163 | Sewer    | Reached skill level 5 in Unarmed Combat
  2195 | Sewer    | Reached skill level 3 in Fighting
  2202 | Sewer    | Reached XP level 7. HP: 46/67 MP: 4/6
  2357 | Temple   | Entered the Ecumenical Temple
  2427 | Temple   | Became a worshipper of Fedhas Madash
  2484 | D:5      | Noticed Menkaure
  2490 | D:5      | Killed Menkaure
  2491 | D:5      | Reached skill level 4 in Dodging
  2541 | D:4      | Reached skill level 6 in Unarmed Combat
  2881 | D:4      | Reached XP level 8. HP: 78/78 MP: 7/7
  2902 | D:4      | Got a bloodstained spear
  2903 | D:4      | Identified the +8 spear of Destruction {protect, rF+ rC-
                  | rN+ Dex+4} (You found it on level 4 of the Dungeon)
  2907 | D:4      | Identified a potion of resistance
  3205 | D:3      | Found a runed translucent gate.
  3206 | D:3      | Found a runed translucent gate.
  3206 | D:3      | Found a runed translucent gate.
  3208 | D:3      | Noticed Sassenached's ghost (amateur HaWn)
  3284 | D:3      | Killed Sassenached's ghost
  3285 | D:3      | Reached skill level 4 in Fighting
  3568 | D:5      | Reached skill level 7 in Unarmed Combat
  3797 | D:5      | Noticed Pikel
  3797 | D:5      | Noticed Grinder
  3859 | D:4      | Killed Pikel
  3860 | D:4      | Reached skill level 5 in Dodging
  3906 | D:5      | Killed Grinder
  3907 | D:5      | Reached skill level 8 in Unarmed Combat
  3926 | D:5      | Got a bone war axe
  3927 | D:5      | Identified the +6 war axe of Integrity {vorpal, +Fly} (You
                  | found it on level 5 of the Dungeon)
  4295 | D:6      | Reached * piety under Fedhas
  4305 | D:6      | Reached XP level 9. HP: 87/87 MP: 8/8
  4511 | D:6      | Reached skill level 5 in Fighting
  4542 | D:6      | Noticed Maggie
  4557 | D:6      | Killed Maggie
  4891 | D:6      | Reached skill level 9 in Unarmed Combat
  5576 | D:7      | Reached ** piety under Fedhas
  5633 | D:7      | Reached skill level 6 in Dodging
  6025 | D:7      | Noticed Dowan
  6043 | D:7      | Reached skill level 10 in Unarmed Combat
  6058 | D:7      | Noticed Duvessa
  6061 | D:7      | Killed Duvessa
  6062 | D:7      | Reached skill level 1 in Invocations
  6065 | D:7      | Killed Dowan
  6441 | D:8      | Noticed a queen bee
  6442 | D:8      | Found a transporter.
  6448 | D:8      | Found a transporter.
  6450 | D:8      | Noticed MoonlitKnight's ghost (novice MfGl)
  6568 | D:8      | Reached XP level 10. HP: 93/98 MP: 9/9
  6623 | D:8      | Reached skill level 6 in Fighting
  6841 | D:9      | Noticed a two-headed ogre
  6848 | D:9      | Killed a two-headed ogre
  6849 | D:9      | Reached skill level 2 in Invocations
  6916 | D:9      | Reached *** piety under Fedhas
  6981 | D:9      | Found Ecosola's Armour Shoppe.
  6981 | D:9      | Found a staircase to the Orcish Mines.
  6981 | D:9      | Found Zetul's Weapon Shoppe.
  7075 | D:9      | Noticed a two-headed ogre
  7085 | D:9      | Killed a two-headed ogre
  7110 | D:9      | Reached skill level 3 in Invocations
  7275 | D:9      | Reached skill level 11 in Unarmed Combat
  7307 | D:9      | Found an ornate altar of the Wu Jian Council.
  7321 | D:9      | Found a transporter.
  7354 | D:9      | Found a transporter.
  7368 | D:9      | Noticed an orc sorcerer
  7425 | D:9      | Found a staircase to the Lair.
  7442 | D:9      | Reached skill level 7 in Dodging
  7463 | Lair:1   | Entered Level 1 of the Lair of Beasts
  7503 | Lair:1   | Noticed a cane toad
  7508 | Lair:1   | Killed a cane toad
  7552 | Lair:1   | Noticed a four-headed hydra
  7570 | Lair:1   | HP: 9/100 [five-headed hydra (2)]
  7571 | Lair:1   | HP: 4/150 [five-headed hydra (3)]
  7572 | Lair:1   | Killed a six-headed hydra
  7573 | Lair:1   | Reached XP level 11. HP: 5/107 MP: 10/12
  7764 | Lair:1   | Found a frozen archway.
  7775 | Lair:1   | Reached skill level 7 in Fighting
  7775 | Lair:1   | Reached skill level 4 in Invocations
  7783 | IceCv    | Entered an ice cave
  7922 | IceCv    | HP: 6/109 [something (12)]
  8173 | IceCv    | Engulfed by a cloud of freezing vapour

Vanquished Creatures
  A hydra (Lair:1)
  2 two-headed ogres (D:9)
  Pikel (D:4)
  2 ice statues (IceCv)
  A cane toad (Lair:1)
  2 rime drakes (Lair:1)
  Maggie (D:6)
  An ice devil (IceCv)
  A troll (D:9)
  The ghost of Sassenached the Skirmisher, an amateur HaWn (D:3)
  Grinder (D:5)
  Sigmund (D:2)
  A yak (D:9)
  2 wyverns (D:9)
  A basilisk (D:9)
  Menkaure (D:5)
  A water moccasin (Lair:1)
  5 orc warriors
  Duvessa (D:7)
  2 sky beasts
  A black bear (D:9)
  A phantom (D:4)
  2 centaurs
  4 ogres
  A lemure (D:4)
  6 bullfrogs
  2 big kobolds
  Dowan (D:7)
  A scorpion (D:4)
  5 killer bees (D:8)
  A howler monkey (D:4)
  3 hounds
  A centaur zombie (D:6)
  2 bullfrog zombies (D:6)
  A jelly (D:8)
  4 orc priests
  A centaur skeleton (D:8)
  An orc wizard (D:6)
  Jessica (D:3)
  An iguana (D:9)
  Natasha (twice) (D:2)
  8 worker ants
  2 hound skeletons
  7 gnolls
  2 worker ant zombies
  10 adders
  A shadow imp (D:8)
  14 white imps
  6 ufetubi (IceCv)
  10 oozes
  A worm (D:4)
  A dart slug (D:2)
  12 leopard geckos
  19 orcs
  6 bats
  20 giant cockroaches
  5 goblins
  7 hobgoblins
  4 jackals
  5 quokkas
  11 ball pythons
  15 frilled lizards
  8 kobolds
  A leopard gecko skeleton (D:5)
  A quokka skeleton (D:4)
  3 rats
250 creatures vanquished.

Vanquished Creatures (collateral kills)
  3 orcs (D:9)
  2 kobolds (D:9)
5 creatures vanquished.

Vanquished Creatures (others)
  A white imp (IceCv)
  2 ufetubi (IceCv)
  5 toadstools (D:1)
8 creatures vanquished.

Grand Total: 263 creatures vanquished

Table legend: (Time is in decaauts)
 A = Elapsed time spent in this place.
 B = Non-inter-level travel time spent in this place.
 C = Inter-level travel time spent in this place.
 D = Time resting spent in this place.
 E = Time spent auto-exploring this place.
 F = Levels seen in this place.
 G = Mean time per level.
                   A        B        C        D        E       F      G
               +--------+--------+--------+--------+--------+-----+--------+
         Total |   8153 |   7744 |    409 |    889 |   5182 |  13 |  627.2 |
       Dungeon |   6977 |   6586 |    391 |    542 |   4757 |   9 |  775.2 |
        Temple |     79 |     70 |      9 |      0 |     61 |   1 |   79.0 |
          Lair |    322 |    315 |      7 |    154 |    110 |   1 |  322.0 |
         Sewer |    398 |    398 |      0 |      0 |    172 |   1 |  398.0 |
      Ice Cave |    375 |    375 |      0 |    193 |     80 |   1 |  375.0 |
               +--------+--------+--------+--------+--------+-----+--------+

Top non-repeatable levels by time:
     D:6: 1116 daAuts
     D:2: 999 daAuts
     D:7: 855 daAuts
     D:4: 834 daAuts
     D:5: 828 daAuts
     D:3: 738 daAuts
     D:9: 608 daAuts
     D:8: 604 daAuts
   Sewer: 398 daAuts
     D:1: 393 daAuts
   IceCv: 375 daAuts
  Lair:1: 322 daAuts
  Temple: 79 daAuts

Table legend:
 A = Non-vault XP
 B = Vault XP
 C = Vault XP percentage of total XP
 D = Non-vault monster count
 E = Vault monster count
 F = Vault count percentage of total count
                 A         B        C        D         E       F
            +---------+---------+-------+---------+---------+-------
      Total |    7671 |    5637 |  42.4 |     156 |      98 |  38.6
            +---------+---------+-------+---------+---------+-------
        D:1 |      25 |       0 |   0.0 |      16 |       0 |   0.0
        D:2 |     166 |     247 |  59.8 |      18 |       2 |  10.0
        D:3 |      70 |     305 |  81.3 |      12 |       2 |  14.3
        D:4 |     395 |     675 |  63.1 |      18 |       5 |  21.7
        D:5 |      83 |     433 |  83.9 |       6 |       2 |  25.0
        D:6 |     897 |     379 |  29.7 |      20 |       1 |   4.8
        D:7 |    1158 |     219 |  15.9 |      33 |       2 |   5.7
        D:8 |     598 |       0 |   0.0 |      15 |       0 |   0.0
        D:9 |    2636 |    1004 |  27.6 |      14 |      12 |  46.2
     Lair:1 |    1643 |     725 |  30.6 |       4 |       2 |  33.3
      Sewer |       0 |     342 | 100.0 |       0 |      52 | 100.0
      IceCv |       0 |    1308 | 100.0 |       0 |      18 | 100.0
            +---------+---------+-------+---------+---------+-------
